 Dungeon Sprint DCSS version 0.31-a0-18-gea43df2a32 (webtiles) character file.

Game seed: 10241092501907532354

959 bmack86 the Cleaver (level 7, -2/74 HPs)
             Began as a Minotaur Berserker on May 10, 2023.
             Was a Priest of Trog.
             Slain by a chaos spawn (17 damage)
             ... summoned by a kobold demonologist
             ... in the Dungeon (Sprint I: "Red Sonja").
             The game lasted 00:02:46 (331 turns).

bmack86 the Cleaver (Minotaur Berserker)             Turns: 331, Time: 00:02:48

Health: -2/74      AC: 10    Str: 23    XL:     7   Next: 92%
Magic:  6/6        EV: 11    Int:  4    God:    Trog [***...]
Gold:   14         SH:  0    Dex: 10    Spells: 6/6 levels left

rFire   . . .        a - +0 hand axe
rCold   . . .        (no shield)
rNeg    . . .        l - +0 scale mail of the Devil {Rampage}
rPois   .            (helmet restricted)
rElec   .            (no cloak)
rCorr   .            m - +0 pair of gloves
SInv    .            (no boots)
Will    .....        (no amulet) Stlth
                     (no ring)
HPRegen 0.32/turn    (no ring)
MPRegen 0.10/turn

%: no teleportation, rampage
@: on berserk cooldown, slowed, very slow
A: horns 2, retaliatory headbutt
a: Renounce Religion, Berserk, Trog's Hand


You were in the Dungeon.
You worshipped Trog.
Trog was most pleased with you.
You visited 1 branch You collected 432 gold pieces.
You spent 418 gold pieces at shops.

Inventory:

Hand Weapons
 a - a +0 hand axe (weapon)
 k - a +0 scythe
Armour
 b - a +0 animal skin
 j - a +0 ring mail
 l - the +0 scale mail of the Devil (worn) {Rampage}
   (You bought it in a shop in the Dungeon)

   Rampage:   It bestows one free step when moving towards enemies.
 m - a +0 pair of gloves (worn)
Wands
 i - a wand of acid (11) (quivered)
Scrolls
 h - a scroll of blinking
Potions
 c - a potion of curing
 d - a potion of heal wounds
 e - a potion of haste
 f - 2 potions of magic
 g - a potion of berserk rage


   Skills:
 + Level 11.5 Fighting
 + Level 11.6 Axes
 + Level 10.6 Armour
 - Level 2.9 Dodging
 + Level 6.6 Evocations


You had 6 spell levels left.
You didn't know any spells.
Your spell library was empty.

Dungeon Overview and Level Annotations

Branches:
Dungeon (1/1)

Altars:
Cheibriados
Dithmenos
Elyvilon
Fedhas
Gozag
Hepliaklqana
Kikubaaqudgha
Makhleb
Nemelex Xobeh
Okawaru
Qazlal
Ru
Sif Muna
Trog
Uskayaw
Vehumet
Wu Jian
Xom
Yredelemnul
Zin
The Shining One
Jiyva
Lugonu

Shops:
D [


Innate Abilities, Weirdness & Mutations

You have a pair of horns on your head.
You reflexively headbutt those who attack you in melee.


Message History

The quasit disappears in a puff of smoke!
You closely miss the kobold demonologist.
The quasit disappears in a puff of smoke!
The shadow imp gestures at you. Pain shoots through your body!
* * * LOW HITPOINT WARNING * * *
The kobold demonologist hits you with a +0 dagger.
* * * LOW HITPOINT WARNING * * *
You rampage towards the shadow imp!
You slash the shadow imp!
You kill the shadow imp!
The shadow imp disappears in a puff of smoke!
You hit the shadow imp.
You closely miss the kobold demonologist.
Unknown command.
You are no longer berserk.
You are exhausted.
You feel yourself slow down.
The kobold demonologist hits you with a +0 dagger.
* * * LOW HITPOINT WARNING * * *
The shadow imp hits you but does no damage.
You closely miss the shadow imp. You headbutt the shadow imp.
You punch the shadow imp.
You kill the shadow imp!
The shadow imp disappears in a puff of smoke!
You hit the kobold demonologist.
The kobold demonologist looks satisfied for a moment.
The kobold demonologist hits you but does no damage.
The kobold demonologist barely misses you.
The kobold demonologist looks encouraged for a moment.
There is an open door here.
The kobold demonologist casts a spell.
The kobold demonologist hits you but does no damage.
You slash the kobold demonologist!
The kobold demonologist is almost dead.
You hit the chaos spawn but do no damage.
The kobold demonologist begins to cast a cantrip, but forgets the words!
The chaos spawn gores you.
* * * LOW HITPOINT WARNING * * *
The chaos spawn freezes you!
You die...

######################
..)..#..'..#__#.@4)..#
).#..'[.#..'..'.K#...#
####'#####'#__####...+
###..#...#.#### ####
__####..##.#
_____##'#_.+
_.∩...†..._#
_..__##_.#'#
_____###+#)#


You could see a kobold demonologist and a chaos spawn (summoned).

Vanquished Creatures
  A kobold demonologist (D)
  A slime creature (D)
  Sigmund (D)
  A yak (D)
  A floating eye (D)
  An ogre (D)
  A jelly (D)
  Ijyb (D)
8 creatures vanquished.

Notes
Turn   | Place    | Note
-------+----------+-------------------------------------------
     0 | D        | bmack86 the Minotaur Berserker began the quest for the Orb.
     0 | D        | Reached XP level 1. HP: 19/19 MP: 0/0
     3 | D        | Noticed Ijyb
     8 | D        | Killed Ijyb
     9 | D        | Reached skill level 5 in Fighting
     9 | D        | Reached skill level 5 in Axes
     9 | D        | Reached XP level 2. HP: 16/29 MP: 1/1
    74 | D        | Noticed an ogre
    80 | D        | Killed an ogre
    81 | D        | Reached skill level 5 in Armour
    81 | D        | Reached XP level 3. HP: 39/39 MP: 2/2
    81 | D        | Reached XP level 4. HP: 47/47 MP: 3/3
   126 | D        | Noticed Sigmund
   131 | D        | Killed Sigmund
   131 | D        | Reached ** piety under Trog
   132 | D        | Reached XP level 5. HP: 57/57 MP: 4/4
   147 | D        | Found an ornate altar of the Wu Jian Council.
   147 | D        | Found a shimmering blue altar of Sif Muna.
   149 | D        | Found a radiant altar of Vehumet.
   151 | D        | Reached XP level 6. HP: 59/63 MP: 5/5
   184 | D        | Found Cixtaebomm's Antique Armour Emporium.
   184 | D        | Found an ancient bone altar of Kikubaaqudgha.
   184 | D        | Found a hazy altar of Hepliaklqana.
   184 | D        | Found a stormy altar of Qazlal.
   184 | D        | Found a hide-covered altar of Uskayaw.
   184 | D        | Found a blossoming altar of Fedhas.
   184 | D        | Found a bloodstained altar of Trog.
   184 | D        | Found an iron altar of Okawaru.
   184 | D        | Found a basalt altar of Yredelemnul.
   184 | D        | Found a glowing golden altar of the Shining One.
   184 | D        | Found a snail-covered altar of Cheibriados.
   184 | D        | Found a sacrificial altar of Ru.
   184 | D        | Found a glowing silver altar of Zin.
   184 | D        | Found a shadowy altar of Dithmenos.
   184 | D        | Found a white marble altar of Elyvilon.
   184 | D        | Noticed a yak
   188 | D        | Killed a yak
   189 | D        | Reached skill level 10 in Fighting
   189 | D        | Reached skill level 10 in Axes
   189 | D        | Found an opulent altar of Gozag.
   190 | D        | Found a sparkling altar of Nemelex Xobeh.
   194 | D        | Bought an agate-encrusted scale mail for 279 gold pieces
   194 | D        | Identified the +0 scale mail of the Devil {Rampage} (You
                  | bought it in a shop in the Dungeon)
   238 | D        | Found a burning altar of Makhleb.
   238 | D        | Found a viscous altar of Jiyva.
   238 | D        | Found a shimmering altar of Xom.
   238 | D        | Found a corrupted altar of Lugonu.
   238 | D        | Noticed a slime creature
   244 | D        | Killed a slime creature
   245 | D        | Reached skill level 5 in Evocations
   245 | D        | Reached XP level 7. HP: 73/73 MP: 6/6
   279 | D        | Bought a pair of gloves for 139 gold pieces
   304 | D        | Noticed a kobold demonologist
   305 | D        | Noticed an ice devil
   305 | D        | Noticed a kobold demonologist
   306 | D        | Noticed an orange demon
   307 | D        | Reached *** piety under Trog
   308 | D        | Reached skill level 10 in Armour
   322 | D        | Killed a kobold demonologist
   331 | D        | Noticed a chaos spawn
   331 | D        | Slain by a chaos spawn

Illustrated notes

Levels and vault maps discovered:
D:        dungeon_sprint_1 [red_sonja_temple_1, red_sonja_temple_small_1]

Skill      XL: |  1  2  3  4  5  6  7 |
---------------+----------------------+-----
Fighting       | 5 7 9 10 11 | 11.5
Axes           | 5 7 9 10 11 | 11.6
Armour         | 3 5 7 9 10 | 10.6
Evocations     | 3 5 6 |  6.6
Dodging        | |  2.9

Action                     |  1- 3 |  4- 6 |  7- 9 || total
---------------------------+-------+-------+-------++-------
  Melee: Hand axe          |     9 |    12 |    22 ||    43
         Headbutt          |     2 |     4 |     5 ||    11
         Punch             |       |       |     2 ||     2
 Invoke: Berserk           |     2 |     3 |     1 ||     6
 Armour: Ring mail         |       |     1 |       ||     1
         Scale mail        |       |       |     7 ||     7
  Dodge: Dodged            |     1 |     2 |     5 ||     8

Table legend: (Time is in decaauts)
 A = Elapsed time spent in this place.
 B = Non-inter-level travel time spent in this place.
 C = Inter-level travel time spent in this place.
 D = Time resting spent in this place.
 E = Time spent auto-exploring this place.
 F = Levels seen in this place.
 G = Mean time per level.
                   A        B        C        D        E       F      G
               +--------+--------+--------+--------+--------+-----+--------+
         Total |    370 |    370 |      0 |     67 |     57 |   1 |  370.0 |
       Dungeon |    370 |    370 |      0 |     67 |     57 |   1 |  370.0 |
               +--------+--------+--------+--------+--------+-----+--------+

Top non-repeatable levels by time:
       D: 370 daAuts
